 Dungeon Crawl Stone Soup version 0.20-b1 (webtiles) character file.

681 Gorglomux the Cleaver (level 7, -2/63 HPs)
             Began as a Hill Orc Monk on May 19, 2017.
             Was a Believer of Makhleb.
             Slain by an ice beast (11 damage)
             ... on level 5 of the Dungeon.
             The game lasted 00:08:34 (6404 turns).

Gorglomux the Cleaver (Hill Orc Monk)               Turns: 6404, Time: 00:08:35

Health: -2/63      AC:  8    Str: 16    XL:     7   Next: 61%
Magic:  9/9        EV: 11    Int: 10    God:    Makhleb [**....]
Gold:   291        SH:  0    Dex: 13    Spells: 6/6 levels left

rFire    . . .     SeeInvis .   a - +0 hand axe
rCold    . . .     Gourm    .   (no shield)
rNeg     . . .     Faith    .   v - +0 ring mail
rPois    .         Spirit   .   (no helmet)
rElec    .         Reflect  .   u - scarf {repulsion}
rCorr    .         Harm     .   (no gloves)
MR       .....                  (no boots)
Stlth    +.........             (no amulet)
Regen    0.2/turn               m - +3 ring of protection
MPRegen  0.2/turn               (no ring)

@: lethally poisoned (-2 -> -3), repel missiles
A: no striking features
a: Minor Destruction, Renounce Religion


You were on level 5 of the Dungeon.
You worshipped Makhleb.
Makhleb was pleased with you.
You were near starving.

You visited 2 branches of the dungeon, and saw 6 of its levels.

You collected 291 gold pieces.

Inventory:

Hand Weapons
 a - a +0 hand axe (weapon)
Missiles
 n - 4 throwing nets {=f, !d}
Armour
 b - a +0 robe
 u - a scarf of repulsion (worn)
   (You found it on level 3 of the Dungeon)
 v - a +0 ring mail (worn)
   (You took it off an orc on level 3 of the Dungeon)
Jewellery
 m - a +3 ring of protection (left hand)
   (You found it on level 2 of the Dungeon)
Wands
 w - a wand of digging (15/24)
   (You found it on level 4 of the Dungeon)
Scrolls
 e - a scroll of enchant weapon {unknown}
 f - a scroll of recharging {unknown}
 h - 3 scrolls of remove curse
 j - a scroll of fog {unknown}
 k - a scroll of blinking {unknown}
 o - a scroll of identify {unknown}
 p - a scroll of enchant armour {unknown}
 t - 2 scrolls of magic mapping {unknown}
 y - a scroll of teleportation {unknown}
 C - a scroll of immolation {unknown}
Potions
 d - a potion of might {unknown}
 g - a potion of cancellation {unknown}
 l - a potion of curing {unknown}
 q - a potion of flight {unknown}
 s - a potion of brilliance {unknown}
 x - a potion of haste {unknown}
 A - a potion of heal wounds {unknown}
 B - a potion of lignification {unknown}
Books
 z - a book of Callings
   (You found it on level 5 of the Dungeon)
Comestibles
 c - 4 bread rations {@e1}
 i - 2 royal jellies
 r - a meat ration {@e2}


   Skills:
 + Level 6.2 Fighting
 * Level 9.1 Axes
 - Level 2.4 Dodging
 - Level 1.5 Stealth
 + Level 3.6 Invocations


You had 6 spell levels left.
You didn't know any spells.

Dungeon Overview and Level Annotations

Branches:
Dungeon (5/15)             Temple (1/1) D:4

Altars:
Ashenzari
Cheibriados
Dithmenos
Fedhas
Kikubaaqudgha
Makhleb
Qazlal
Sif Muna
Uskayaw
Xom
Yredelemnul
Zin
The Shining One

Annotations:
D:2 1 runed door


Message History

Unknown command.
Aim: a crimson imp (heavily wounded)
The stone arrow hits the crimson imp.
The crimson imp blinks!
Unknown command.
Aim: a crimson imp (severely wounded)
The stone arrow misses the crimson imp.
Unknown command.
Aim: a crimson imp (severely wounded)
The zap misses the crimson imp.
Unknown command.
Aim: a crimson imp (severely wounded)
The glob of acid hits the crimson imp.
The crimson imp is splashed with acid.
You kill the crimson imp!
Makhleb accepts your kill.
You feel better.
Your Axes skill increases to level 9!
Unknown command.
Unknown command.
Really target yourself?
Okay, then.
Really target yourself? [Y]es or [N]o only, please.
Really target yourself?
Okay, then.
You start resting.
You are feeling very hungry.
You start resting.
Unknown command.
You open the door.
A worker ant and an ice beast come into view.
The worker ant twitches its antennae in your direction.
Unknown command.
There are monsters nearby!
Unknown command.
There are monsters nearby!
Unknown command.
There are monsters nearby!
Aim: a worker ant The stone arrow hits the worker ant.
Unknown command.
Aim: a worker ant (moderately wounded)
The stone arrow hits the worker ant.
The worker ant bites you.
You are poisoned.
The worker ant poisons you!
Aim: a worker ant (severely wounded)
The zap hits the worker ant.
The worker ant appears unharmed.
You feel sick.
The worker ant bites you but does no damage.
Unknown command.
You barely miss the worker ant.
You feel sick. The worker ant closely misses you.
You hit the worker ant but do no damage.
The worker ant barely misses you.
Unknown command.
You barely miss the worker ant.
You feel sick. The worker ant closely misses you.
You hit the worker ant. The worker ant misses you.
You hit the worker ant.
You kill the worker ant!
Makhleb accepts your kill.
You feel sick.
Unknown command.
The ice beast barely misses you.
There is an open door here.
You barely miss the ice beast.
You feel sick. The ice beast closely misses you.
Unknown command.
You barely miss the ice beast.
You are near starving!
The ice beast hits you but does no damage.
Aim: an ice beast The stone arrow hits the ice beast.
You feel sick. The ice beast closely misses you.
Unknown command.
Aim: an ice beast (lightly wounded)
The zap misses the ice beast.
The ice beast hits you. The ice beast freezes you!
Unknown command.
Aim: an ice beast (lightly wounded)
The zap hits the ice beast.
The ice beast hits you but does no damage.
Aim: an ice beast (lightly wounded)
The stone arrow hits the ice beast.
You feel sick. The ice beast closely misses you.
Unknown command.
Aim: an ice beast (heavily wounded)
The ice beast writhes in agony!
The ice beast completely misses you.
Unknown command.
Aim: an ice beast (heavily wounded)
The stone arrow hits the ice beast.
The ice beast hits you. The ice beast freezes you!
Unknown command.
Aim: an ice beast (almost dead)
The puff of flame hits the ice beast.
The ice beast appears unharmed.
You feel sick. The ice beast hits you. The ice beast freezes you!
* * * LOW HITPOINT WARNING * * *
Unknown command.
Aim: an ice beast (almost dead)
The glob of acid misses the ice beast.
The ice beast hits you.
* * * LOW HITPOINT WARNING * * *
The ice beast freezes you!
You die...

............#########...#...####.
............#.......#.#....## ##
.##.........#.8...8.##.[.### ##.
###.........#.......#...## ##.# #
#.........#..?$...#..## #..#
#.........#.......#..# ##.##
##.........#.8...8.#..## ###.##
##..........#...Y...##..###..##
#...#.......####@### ##..#...#
....#.........#....# ##....##
...##........##.#..# ##...#
...##.......##..#.## ##.##
(.....####..##.##.## .... ....###
##.##.#...## ...#.. ...##
#....#....## #..##..# ....##
##.........##..# .# .#...##
##..##.........# .#


You could see an ice beast.

Vanquished Creatures
  2 ogres
  A centaur (D:5)
  A crimson imp (D:5)
  A hound (D:4)
  An orc priest (D:4)
  5 worker ants
  6 gnolls
  4 adders
  A shadow imp (D:5)
  3 worms
  3 dart slugs
  2 leopard geckos
  10 orcs
  4 ball pythons
  4 giant cockroaches
  8 hobgoblins
  4 jackals (D:5)
  2 quokkas
  11 bats
  6 frilled lizards
  10 goblins
  7 kobolds
  A quokka zombie (D:5)
  14 rats
111 creatures vanquished.

Notes
Turn   | Place    | Note
-------+----------+-------------------------------------------
     0 | D:1      | Gorglomux the Hill Orc Monk began the quest for the Orb.
     0 | D:1      | Reached XP level 1. HP: 19/19 MP: 1/1
    54 | D:1      | Reached XP level 2. HP: 10/27 MP: 2/2
   396 | D:1      | Reached skill level 5 in Axes
   563 | D:1      | Reached skill level 4 in Fighting
   582 | D:1      | Reached XP level 3. HP: 33/33 MP: 3/3
   673 | D:2      | Found a snail-covered altar of Cheibriados.
   813 | D:2      | HP: 8/33 [poisoned by an adder]
   819 | D:2      | HP: 5/33 [poisoned by an adder]
   825 | D:2      | HP: 4/33 [poisoned by an adder]
   833 | D:2      | HP: 3/33 [poisoned by an adder]
  1170 | D:2      | Reached XP level 4. HP: 29/40 MP: 4/4
  1487 | D:2      | Found an ancient bone altar of Kikubaaqudgha.
  1488 | D:2      | Found a hide-covered altar of Uskayaw.
  1880 | D:2      | Found a runed door.
  2382 | D:3      | Reached skill level 6 in Axes
  2843 | D:2      | HP: 10/41 [gnoll/spear (8)]
  3117 | D:2      | HP: 4/41 [gnoll/spear (7)]
  3119 | D:2      | Reached XP level 5. HP: 5/47 MP: 5/5
  4061 | D:3      | Reached skill level 7 in Axes
  4346 | D:4      | Reached skill level 5 in Fighting
  4347 | D:4      | Noticed an ogre
  4625 | D:4      | Found a staircase to the Ecumenical Temple.
  4631 | Temple   | Entered the Ecumenical Temple
  4839 | Temple   | Became a worshipper of Makhleb the Destroyer
  4839 | Temple   | Reached * piety under Makhleb
  4839 | Temple   | Reached ** piety under Makhleb
  4902 | D:4      | Reached XP level 6. HP: 46/56 MP: 6/6
  5030 | D:4      | Reached skill level 1 in Invocations
  5201 | D:4      | Reached skill level 2 in Invocations
  5367 | D:5      | Entered Level 5 of the Dungeon
  5454 | D:5      | Found a stormy altar of Qazlal.
  5532 | D:5      | Reached skill level 8 in Axes
  5704 | D:5      | Reached XP level 7. HP: 55/62 MP: 7/9
  5716 | D:5      | Reached skill level 6 in Fighting
  5716 | D:5      | Reached skill level 3 in Invocations
  6198 | D:5      | Reached skill level 9 in Axes
  6403 | D:5      | HP: 11/63 [ice beast (11)]
  6404 | D:5      | Slain by an ice beast

Skill      XL: |  1  2  3  4  5  6  7 |
---------------+----------------------+-----
Axes           | 5 6 7 8 9 |  9.1
Fighting       | 4 5 6 |  6.2
Invocations    | 2 3 |  3.6
Dodging        | |  2.4
Stealth        | |  1.5

Action                   |  1- 3 |  4- 6 |  7- 9 || total
-------------------------+-------+-------+-------++-------
Melee: Hand axe          |   120 |   266 |    30 ||   416
Invok: Minor Destruction |       |    34 |    39 ||    73
  Use: Scroll            |       |     1 |       ||     1
 Stab: Sleeping          |     5 |     3 |       ||     8
  Eat: Chunk             |     1 |    14 |     1 ||    16
Armor: Robe              |    25 |    38 |       ||    63
       Ring mail         |       |    21 |    15 ||    36
Dodge: Dodged            |    96 |   185 |    21 ||   302

Vault maps used:
D:1:      dpeg_arrival_erosion
D:2:      lemuel_doored_altar, gammafunk_temple_overflow_statue, first_bread,
          minmay_nonomino_d4, uniq_crazy_yiuf_cottage
D:4:      temple_green
D:5:      grunt_qazlal_sundering, kennysheep_small_square
Temple:   minmay_temple_forest_path

Table legend:
 A = Turns spent in this place as a percentage of turns spent in the entire game.
 B = Non-inter-level travel turns spent in this place as a percentage of non-inter-level travel turns spent in the entire game.
 C = Inter-level travel turns spent in this place as a percentage of turns spent in this place.
 D = Turns resting spent in this place as a percentage of non-inter-level travel turns spent in this place.
 E = Turns spent auto-exploring this place as a percentage of non-inter-level travel turns spent in this place.
 F = Non-inter-level travel turns spent in this place divided by the number of levels of this place that you've seen.
                   A       B       C       D       E      F
               +-------+-------+-------+-------+-------+----------------------
         Total | 100.0 | 100.0 |   0.9 |   1.9 |   8.7 | 291.5
       Dungeon |  99.2 |  99.3 |   0.7 |   2.0 |   8.2 | 347.4
        Temple |   0.8 |   0.7 |  14.3 |   0.0 |  75.0 |  12.0
               +-------+-------+-------+-------+-------+----------------------

Table legend:
 A = Kills in this place as a percentage of kills in entire the game.
 B = Kills by you in this place as a percentage of kills by you in the entire game.
 C = Kills by friends in this place as a percentage of kills by friends in the entire game.
 D = Other kills in this place as a percentage of other kills in the entire game.
 E = Experience gained in this place as a percentage of experience gained in the entire game.
 F = Experience gained in this place divided by the number of levels of this place that you have seen.
                   A       B       C       D       E      F
               +-------+-------+-------+-------+-------+----------------------
         Total | 100.0 | 100.0 |  -nan |  -nan | 100.0 | 162.3
       Dungeon | 100.0 | 100.0 |  -nan |  -nan | 100.0 | 194.8
               +-------+-------+-------+-------+-------+----------------------
